 Dungeon Crawl Stone Soup version 0.22-a0-247-gbddf880 (webtiles) character file.

1386 Amnesiac the Geomancer (level 9, 0/85 HPs)
             Began as a Formicid Earth Elementalist on Feb 23, 2018.
             Slain by an orc warrior
             ... wielding a +0 war axe
              (13 damage)
             ... in a bailey.
             The game lasted 00:09:17 (3712 turns).

Amnesiac the Geomancer (FoEE)                       Turns: 3712, Time: 00:09:18

Health: 0/85       AC: 24    Str: 12    XL:     9   Next: 0%
Magic:  2/18       EV:  2    Int: 19    God:
Gold:   215        SH:  0    Dex: 16    Spells: 5/20 levels left

rFire    . . .     SeeInvis .   o - +2 short sword (drain)
rCold    . . .     Gourm    .   (no shield)
rNeg     + + +     Faith    .   (armour currently unavailable)
rPois    +         Spirit   .   (helmet unavailable)
rElec    .         Reflect  .   (cloak currently unavailable)
rCorr    .         Harm     .   (gloves currently unavailable)
MR       .....                  (boots currently unavailable)
Stlth    +++.......             (no amulet)
HPRegen  0.24/turn              (no ring)
MPRegen  0.16/turn              (no ring)

@: agile, tree-form
A: permanent stasis, dig shafts and tunnels, four strong arms
a: no special abilities


You were in a bailey.
You were hungry.
You were a tree.
You visited 2 branches of the dungeon, and saw 10 of its levels.
You also visited: Bailey.

You collected 215 gold pieces.

Inventory:

Hand Weapons
 a - a +2 short sword of holy wrath
 o - a +2 short sword of draining (weapon)
 q - a +0 dagger
Missiles
 b - 52 stones (quivered)
 e - 6 curare-tipped needles
 l - 2 throwing nets
 u - 4 poisoned needles
Armour
 c - a +0 robe (melded)
 t - a +0 leather armour of magic resistance
Jewellery
 r - a +3 ring of slaying {unknown}
Wands
 x - a wand of acid (10)
 y - a wand of paralysis (13)
Scrolls
 f - a scroll of fear {!r, unknown}
 k - 2 scrolls of immolation {!r, unknown}
 m - 2 scrolls of enchant armour {!r, unknown}
 n - 2 scrolls of magic mapping {!r, unknown}
 p - a scroll of blinking {!r, unknown}
 w - 3 scrolls of remove curse {!r, unknown}
 A - a scroll of acquirement {!r, unknown}
 C - a scroll of teleportation {!r, unknown}
Potions
 g - 2 potions of mutation {!q}
 j - a potion of lignification {!q}
Comestibles
 d - 19 rations
 s - 7 chunks of flesh


   Skills:
 * Level 1.5 Short Blades
 - Level 1.7 Dodging
 - Level 2.4 Stealth
 + Level 6.2 Spellcasting
 - Level 1.1 Transmutations
 * Level 10.5 Earth Magic


You had 5 spell levels left.
You knew the following spells:

 Your Spells              Type           Power        Failure   Level  Hunger
a - Sandblast             Erth           #####.       1%          1    None
b - Passwall              Tmut/Erth      ####......   1%          2    None
c - Stone Arrow           Conj/Erth      ####..       3%          3    ##.....
d - Lee's Rapid Deconstr  Erth           #####.....   4%          5    #####..
e - Petrify               Tmut/Erth      ####....     10%         4    ####...


Dungeon Overview and Level Annotations

Branches:
Dungeon (9/15)             Temple (1/1) D:4
   Lair: D:8-11         Orc: D:9-12

Altars:
Ashenzari
Cheibriados
Elyvilon
Gozag
Hepliaklqana
Kikubaaqudgha
Makhleb
Nemelex Xobeh
Okawaru
Qazlal
Ru
Sif Muna
Uskayaw
Vehumet
Xom
Zin

Annotations:
D:9 Ratty's ghost, novice CeBe


Innate Abilities, Weirdness & Mutations

You cannot be hasted, slowed, berserked, paralysed or teleported.
You can dig through walls and to a lower floor.
Your four strong arms can wield two-handed weapons with a shield.
((You have a pair of large antennae on your head. (SInv)))


Message History

i - 3 potions of curing {!q} The goblin hits you but does no damage.
Okay, then.
Really read
h - a scroll of identify {!r}?
As you read the scroll of identify {!r}, it crumbles to dust.
g - 2 potions of mutation {!q} The goblin hits you with a hand axe.
* * * LOW HITPOINT WARNING * * *
Really quaff
i - 3 potions of curing {!q}?
You feel better. The goblin barely misses you.
Okay, then.
Really quaff
i - 2 potions of curing {!q}?
You feel better. The goblin barely misses you.
Really quaff
i - a potion of curing {!q}?
You feel better. The goblin hits you but does no damage.
Okay, then.
You hit the goblin. You drain the goblin!
You kill the goblin!
You have reached level 9!
Your experience leads to an increase in your attributes!
Your base attributes are Str 12, Int 18, Dex 11.
Increase (S)trength, (I)ntelligence, or (D)exterity?
You feel clever.
Okay, then.
You are feeling hungry.
There is an open gate, spattered with blood here.
Casting: Lee's Rapid Deconstruction (safe; 4% risk of failure)
Confirm with . or Enter, or press ? or * to list all spells.
Aiming: Petrify (safe; 10% risk of failure)
Press: ? - help, Shift-Dir - straight line, f - orc warrior
Aim: an orc warrior, wielding a war axe and wearing a chain mail (lightly wounded, chance to defeat MR: 57%)
The orc warrior is moving more slowly.
The orc warrior hits you with a war axe!
* * * LOW HITPOINT WARNING * * *
The orc warrior stops moving altogether!
Really quaff
z - a potion of heal wounds {!q}?
You feel much better. The orc warrior barely misses you.
The orc warrior hits you with a war axe!
The orc warrior hits you with a war axe!!
* * * LOW HITPOINT WARNING * * *
Really quaff
j - 2 potions of lignification {!q}?
You turn into a tree.
Your roots penetrate the ground.
The helpless orc warrior fails to defend itself.
You puncture the orc warrior! You drain the orc warrior!
The orc warrior is heavily wounded.
The orc warrior hits you with a war axe!
* * * LOW HITPOINT WARNING * * *
The helpless orc warrior fails to defend itself.
You hit the orc warrior.
The orc warrior is heavily wounded.
The orc warrior hits you but does no damage. x2
The helpless orc warrior fails to defend itself.
You puncture the orc warrior!
The orc warrior is heavily wounded.
The orc warrior hits you with a war axe.
* * * LOW HITPOINT WARNING * * *
The orc warrior hits you but does no damage.
The helpless orc warrior fails to defend itself.
You hit the orc warrior.
The orc warrior is severely wounded.
The orc warrior hits you with a war axe!
* * * LOW HITPOINT WARNING * * *
The orc warrior hits you with a war axe!
You die...

....### ......##
.......# .......#
.⌠.....# ..o....#
..)....# .o..).### ♣♣♣
....#)#.### ♣♣♣♣♣♣♣
#.###)..o.###♣♣ooo..♣
###......{..##......♣♣♣
#...........#........♣
#...........'.))....♣♣
#.....⌠.....').∩)∩..♣♣
#...........'.)......♣
#...........#........♣
##.........##.......♣♣


You could see 3 orc warriors.

Vanquished Creatures
  The ghost of ThereIsNoGod the Magician, an amateur SpVM (D:4)
  An orc warrior (Bailey)
  3 ogres
  A centaur (D:7)
  A bullfrog (D:6)
  3 scorpions
  A jelly (D:5)
  2 crimson imps
  2 hounds (D:5)
  A gnoll shaman (D:5)
  4 orc priests
  An orc wizard (D:4)
  A centaur skeleton (D:7)
  2 iguanas
  A worker ant (D:4)
  A mummy (D:8)
  2 adders
  9 gnolls
  A shadow imp (D:6)
  An adder zombie (D:6)
  An adder skeleton (D:4)
  2 leopard geckos (D:6)
  9 orcs
  4 bats
  2 giant cockroaches
  16 goblins
  9 hobgoblins
  4 kobolds
  2 quokkas
  A ball python (D:4)
  2 frilled lizards (D:1)
  3 rats
94 creatures vanquished.

Notes
Turn   | Place    | Note
-------+----------+-------------------------------------------
     0 | D:1      | Amnesiac the Formicid Earth Elementalist began the quest for the Orb.
     0 | D:1      | Reached XP level 1. HP: 13/13 MP: 3/3
   185 | D:1      | Reached skill level 4 in Earth Magic
   196 | D:1      | Reached XP level 2. HP: 7/19 MP: 5/5
   346 | D:1      | Learned a level 2 spell: Passwall
   398 | D:2      | You fall through a shaft for 2 floors!
   449 | D:4      | Noticed a scorpion
   471 | D:4      | Noticed ThereIsNoGod's ghost (amateur SpVM)
   497 | D:4      | Noticed an ogre
   510 | D:4      | You fall through a shaft!
   510 | D:5      | Entered Level 5 of the Dungeon
   650 | D:5      | Noticed a crimson imp
   657 | D:5      | Killed a crimson imp
   657 | D:5      | Reached XP level 3. HP: 24/24 MP: 4/7
   668 | D:5      | Reached skill level 5 in Earth Magic
   668 | D:5      | Reached XP level 4. HP: 12/30 MP: 1/8
   834 | D:5      | Noticed an ogre
   839 | D:5      | Killed an ogre
   839 | D:5      | Reached skill level 6 in Earth Magic
   839 | D:5      | Reached XP level 5. HP: 27/35 MP: 5/10
   848 | D:5      | Learned a level 4 spell: Petrify
   910 | D:5      | Reached XP level 6. HP: 20/41 MP: 5/11
  1065 | D:5      | Reached skill level 7 in Earth Magic
  1092 | D:5      | Reached XP level 7. HP: 28/46 MP: 0/13
  1399 | D:4      | Reached skill level 8 in Earth Magic
  1411 | D:4      | Killed ThereIsNoGod's ghost
  1416 | D:4      | Reached skill level 5 in Spellcasting
  1474 | D:4      | Found a staircase to the Ecumenical Temple.
  1490 | Temple   | Entered the Ecumenical Temple
  1639 | D:4      | Reached XP level 8. HP: 30/52 MP: 6/15
  1658 | D:4      | Reached skill level 9 in Earth Magic
  1853 | D:3      | Found a sparkling altar of Nemelex Xobeh.
  2258 | D:3      | You fall through a shaft for 3 floors!
  2509 | D:6      | You fall through a shaft for 3 floors!
  2514 | D:9      | Noticed Ratty's ghost (novice CeBe)
  2544 | D:8      | Found a shimmering altar of Xom.
  2622 | D:8      | Found a hazy altar of Hepliaklqana.
  2761 | D:7      | Reached skill level 10 in Earth Magic
  2800 | D:8      | Found a snail-covered altar of Cheibriados.
  2835 | D:8      | Learned a level 5 spell: Lee's Rapid Deconstruction
  3000 | D:8      | Found a flagged portal.
  3167 | Bailey   | Entered a bailey
  3175 | Bailey   | Learned a level 3 spell: Stone Arrow
  3222 | Bailey   | Reached skill level 1 in Short Blades
  3689 | Bailey   | Reached XP level 9. HP: 32/57 MP: 2/18
  3712 | Bailey   | Slain by an orc warrior

Vault maps used:
D:1:      elethiomel_arrival_quiet
D:3:      nicolae_overflow_crystal_walls
D:4:      grunt_temple_overflow_open, minmay_temple_entry_glass
D:5:      first_ration, minmay_misc_feat_five, nrook_loot_triangle, minivault_1
D:6:      hangedman_abyss_or_decor_stabs, serial_park_tiny_2, uniq_sigmund
D:8:      slow_altar_1, kennysheep_mini_moat, basic_altar, enter_bailey_3,
          grunt_ogre_cave
D:9:      nicolae_overflow_hidden_temple
Temple:   dshaligram_water_room_temple
Bailey:   bailey_axe_minmay_hex_keep, bailey

Skill      XL: |  1  2  3  4  5  6  7  8 |
---------------+-------------------------+-----
Earth Magic    | 4 5 6 7 8 10 | 10.5
Spellcasting   | 3 4 5 6 |  6.2
Short Blades   | 1 |  1.5
Dodging        | |  1.7
Stealth        | |  2.4
Transmutations | |  1.1

Action                   |  1- 3 |  4- 6 |  7- 9 || total
-------------------------+-------+-------+-------++-------
Melee: Short sword       |    23 |     4 |   157 ||   184
       Unarmed           |     8 |       |       ||     8
Throw: Stone             |       |       |     1 ||     1
 Cast: Sandblast         |     5 |    30 |    41 ||    76
       Passwall          |     1 |       |       ||     1
       Lee's Rapid Decon |       |       |     5 ||     5
       Petrify           |       |       |     5 ||     5
 Abil: Shaft Self        |     3 |       |     2 ||     5
       Dig               |     1 |       |       ||     1
  Use: Potion            |     5 |       |     8 ||    13
       Scroll            |       |       |     4 ||     4
 Stab: Sleeping          |     1 |       |     2 ||     3
       Petrified         |       |       |     4 ||     4
  Eat: Ration            |       |       |     1 ||     1
       Chunk             |       |       |     9 ||     9
Armor: Robe              |     8 |     2 |    24 ||    34
       Skin              |       |       |     3 ||     3
Dodge: Dodged            |    40 |    14 |   116 ||   170

Table legend:
 A = Spawn XP
 B = Non-spawn XP
 C = Spawn XP percentage of total XP
 D = Spawn monster count
 E = Non-spawn monster count
 F = Spawn count percentage of total count
 G = Total turns spent on level
                    A         B        C        D         E        F      G
               +---------+---------+-------+---------+---------+-------+---------
         Total |       0 |    1980 |   0.0 |       0 |      94 |   0.0 |  3712
               +---------+---------+-------+---------+---------+-------+---------
           D:1 |       0 |       9 |   0.0 |       0 |       6 |   0.0 |   394
           D:2 |       0 |      21 |   0.0 |       0 |       7 |   0.0 |    84
           D:3 |       0 |      23 |   0.0 |       0 |       7 |   0.0 |   464
           D:4 |       0 |     511 |   0.0 |       0 |      14 |   0.0 |   389
           D:5 |       0 |     558 |   0.0 |       0 |      14 |   0.0 |   832
           D:6 |       0 |     236 |   0.0 |       0 |       8 |   0.0 |   251
           D:7 |       0 |     151 |   0.0 |       0 |       2 |   0.0 |    66
           D:8 |       0 |     147 |   0.0 |       0 |       6 |   0.0 |   557
           D:9 |       0 |      67 |   0.0 |       0 |       1 |   0.0 |    35
        Bailey |       0 |     257 |   0.0 |       0 |      29 |   0.0 |   545
               +---------+---------+-------+---------+---------+-------+---------
